[Event "Team 45 45 League T67"]
[Site "Internet Chess Club"]
[Date "2016.01.11"]
[Round "5"]
[White "Hal2001"]
[Black "rubo"]
[Result "1/2-1/2"]
[WhiteElo "1661"]
[BlackElo "1664"]
[Opening "Scotch gambit: Dubois-Réti defense"]
[ECO "C55"]
[Time "21:53:58"]
[TimeControl "2700+45"]

1. e4 e5 2. Nf3 Nc6 3. d4 exd4 4. Bc4 Nf6 5. e5 d5 6. Bb5 Ne4 7. Nxd4 Bd7 8.
Bxc6 bxc6 9. O-O Be7 10. f3 Nc5 11. Be3 O-O 12. Nd2 Ne6 13. Nxe6 fxe6 14. Nb3
Rf7 15. f4 Qf8 16. Qd4 a5 17. a4 Qb8 18. Nc5 Bxc5 19. Qxc5 Ra6 20. Qc3 Ra8 21.
Bc5 Qb7 22. Ra3 Qa6 23. Qd3 Qxd3 24. Rxd3 {Game drawn by mutual agreement}
1/2-1/2

[Event "Team 45 45 League T67"]
[Site "Internet Chess Club"]
[Date "2016.01.11"]
[Round "5"]
[White "nosir"]
[Black "ChessMaine"]
[Result "1-0"]
[WhiteElo "1493"]
[BlackElo "1483"]
[Opening "Réti: King's Indian attack (Barcza system)"]
[ECO "A07"]
[Time "20:00:51"]
[TimeControl "2700+45"]

1. Nf3 d5 2. g3 Nf6 3. Bg2 Bg4 4. O-O Nbd7 5. d3 e5 6. Nbd2 Be7 7. e4 c6 8. Re1
O-O 9. c3 Nc5 10. Qc2 Bxf3 11. Nxf3 Qc7 12. exd5 cxd5 13. Nxe5 Bd6 14. Nf3 Rfe8
15. Bg5 Nfd7 16. Nd4 h6 17. Be3 Nf6 18. Nb5 Qd7 19. Nxd6 Qxd6 20. Bd4 Rxe1+ 21.
Rxe1 Rd8 22. Qd2 b6 23. Bh3 Ncd7 24. Re2 Nc5 25. Be5 Qc6 26. Bf5 Re8 27. Bxf6
Rxe2 28. Qxe2 gxf6 29. Qg4+ Kh8 30. Qh5 Kg7 31. Qf3 Ne6 32. c4 Nd4 33. Qg4+ Kf8
34. Qxd4 {Black resigns} 1-0

[Event "Team 45 45 League T67"]
[Site "Internet Chess Club"]
[Date "2016.01.09"]
[Round "5"]
[White "seattleblues"]
[Black "g8wrb"]
[Result "1/2-1/2"]
[WhiteElo "1373"]
[BlackElo "1179"]
[Opening "Queen's Indian: 4.Nc3"]
[ECO "E12"]
[Time "05:04:36"]
[TimeControl "2700+45"]

1. d4 e6 2. Nf3 b6 3. c4 Nf6 4. Nc3 Bb4 5. Qc2 Bb7 6. a3 Be4 7. Qb3 Bxc3+ 8.
Qxc3 d5 9. Bg5 Nbd7 10. e3 O-O 11. Be2 Qe7 12. cxd5 Rfc8 13. dxe6 Qxe6 14. O-O
Qf5 15. Bf4 Nd5 16. Qd2 Nxf4 17. exf4 Nf6 18. Ne5 Rd8 19. Rac1 c5 20. f3 Rxd4
21. Qe1 Qxf4 22. Nc4 Bb7 23. b3 Re8 24. Rc2 Nd5 25. g3 Qf5 26. Nd6 Qxc2 27. Nxe8
Ne3 28. Rf2 Qxb3 29. Qc1 h6 30. Nc7 Rd7 31. Nb5 Ba6 32. Nc3 Bxe2 33. Qxe3 Rd1+
34. Kg2 Bxf3+ 35. Qxf3 Rd8 {Game drawn by mutual agreement} 1/2-1/2

[Event "Team 45 45 League T67"]
[Site "Internet Chess Club"]
[Date "2016.01.09"]
[Round "5"]
[White "SeniorCitizen"]
[Black "Conjurer"]
[Result "1-0"]
[WhiteElo "1306"]
[BlackElo "1127"]
[Opening "Sicilian defense"]
[ECO "B30"]
[Time "12:00:33"]
[TimeControl "2700+45"]

1. e4 c5 2. Nf3 Nc6 3. Nc3 e6 4. Bb5 a6 5. Ba4 b5 6. Nxb5 axb5 7. Bxb5 Bb7 8.
Bxc6 Bxc6 9. d3 Nf6 10. O-O Be7 11. Re1 d5 12. e5 Nd7 13. d4 cxd4 14. Nxd4 Bb7
15. Qg4 O-O 16. Bh6 g6 17. Bxf8 Bxf8 18. Nf3 Bg7 19. Qd4 Qc7 20. c3 f6 21. exf6
Bxf6 22. Qg4 Ne5 23. Qxe6+ {Black resigns} 1-0

[Event "Team 45 45 League T67"]
[Site "Internet Chess Club"]
[Date "2016.01.09"]
[Round "5"]
[White "dabodhi"]
[Black "GideonL"]
[Result "1-0"]
[WhiteElo "1437"]
[BlackElo "1383"]
[Opening "Scotch gambit"]
[ECO "C44"]
[Time "18:00:33"]
[TimeControl "2700+45"]

1. e4 e5 2. Nf3 Nc6 3. d4 exd4 4. Bc4 Bb4+ 5. c3 dxc3 6. bxc3 Bc5 7. Bxf7+ Kxf7
8. Qd5+ Ke8 9. Qxc5 Qe7 10. Qe3 Nf6 11. O-O b6 12. h3 Bb7 13. e5 Nd5 14. Qg5
Qxg5 15. Bxg5 Kf7 16. Rd1 Nde7 17. Rxd7 Rac8 18. Nd4 Nxd4 {Black resigns} 1-0

[Event "Team 45 45 League T67"]
[Site "Internet Chess Club"]
[Date "2016.01.07"]
[Round "5"]
[White "guyd52"]
[Black "jjaillet2007"]
[Result "1-0"]
[WhiteElo "1317"]
[BlackElo "1282"]
[Opening "Réti opening"]
[ECO "A04"]
[Time "20:00:58"]
[TimeControl "2700+45"]

1. Nf3 e6 2. g3 d5 3. Bg2 c5 4. d3 Nc6 5. O-O Nf6 6. Nbd2 Bd6 7. b3 O-O 8. Re1
Re8 9. e4 dxe4 10. Nxe4 Be7 11. Ba3 b6 12. Bb2 Bb7 13. c4 Nb4 14. Ne5 Nxe4 15.
Bxe4 Bxe4 16. Rxe4 f6 17. a3 fxe5 18. axb4 Bf6 19. bxc5 bxc5 20. Bxe5 Bxe5 21.
Rxe5 Qc7 22. Qe2 Qb6 23. Re1 Kf7 24. Qh5+ Kg8 25. Rxc5 Qxb3 26. Rc7 Rf8 27. Qg4
Rf7 28. Rxf7 Kxf7 29. Qxe6+ Kf8 30. Qd6+ {Black resigns} 1-0

[Event "Team 45 45 League T67"]
[Site "Internet Chess Club"]
[Date "2016.01.06"]
[Round "5"]
[White "bhandelman"]
[Black "Conjurer"]
[Result "1-0"]
[WhiteElo "1338"]
[BlackElo "1192"]
[Opening "English: symmetrical, Botvinnik system"]
[ECO "A36"]
[Time "23:30:13"]
[TimeControl "2700+45"]

1. c4 c5 2. g3 g6 3. Bg2 Bg7 4. Nc3 Nc6 5. e4 e6 6. Nf3 Nge7 7. O-O O-O 8. b3 a6
9. Bb2 b5 10. cxb5 axb5 11. a3 Qb6 12. Rb1 Bb7 13. Qe2 b4 14. Na4 Rxa4 15. bxa4
Ba6 16. Qe3 Bxf1 17. Bxf1 Bxb2 18. Rxb2 Qa7 19. Bb5 bxa3 20. Qxa3 Nb4 21. d4
Nec6 22. Bxc6 dxc6 23. dxc5 Na6 24. Rc2 Qb7 25. Nd4 e5 26. Nb3 Rd8 27. Rd2 Qc8
28. f4 exf4 29. Rxd8+ Qxd8 30. gxf4 Qd1+ 31. Kg2 Qd2+ 32. Nxd2 {Black resigns}
1-0

[Event "Team 45 45 League T67"]
[Site "Internet Chess Club"]
[Date "2016.01.09"]
[Round "5"]
[White "Electryon"]
[Black "Andaluz"]
[Result "1-0"]
[WhiteElo "1435"]
[BlackElo "1352"]
[Opening "Queen's pawn, Mason variation"]
[ECO "D00"]
[Time "15:00:23"]
[TimeControl "2700+45"]

1. d4 d5 2. Bf4 Nf6 3. e3 e6 4. Nd2 Bd6 5. Bg3 c5 6. c3 Nc6 7. Ngf3 c4 8. Ne5
Qc7 9. f4 b5 10. Be2 Be7 11. O-O O-O 12. Bh4 Nxe5 13. fxe5 Ne8 14. Bxe7 Qxe7 15.
Rf3 a6 16. Rh3 g6 17. e4 Ng7 18. Qe1 Qg5 19. Rg3 Qh4 20. exd5 exd5 21. Bf3 Be6
22. Bd1 Nf5 23. Nf3 Qe7 24. Rh3 Ng7 25. Rh4 Nf5 26. Rh3 Ng7 27. Rh4 Nf5 28. Rf4
Bd7 29. Nh4 Nxh4 30. Rxh4 Qg5 31. Bf3 Be6 32. Qf2 Rae8 33. Re1 Kg7 34. h3 Rh8
35. Bg4 Qe7 36. Bxe6 Qxe6 37. Rf4 Rhf8 38. Rf6 Qd7 39. Rf1 Re6 40. Rxe6 Qxe6 41.
Qf6+ Kg8 42. Rf4 a5 43. Qg5 Kg7 44. Rf6 h6 45. Qf4 Qd7 46. Rd6 Qb7 47. Qf6+ Kh7
48. e6 Qe7 49. Qxe7 {Black resigns} 1-0

[Event "Team 45 45 League T67"]
[Site "Internet Chess Club"]
[Date "2016.01.08"]
[Round "5"]
[White "SeniorCitizen"]
[Black "Aquaman"]
[Result "0-1"]
[WhiteElo "1297"]
[BlackElo "1342"]
[Opening "Sicilian: accelerated fianchetto, modern variation"]
[ECO "B34"]
[Time "15:02:05"]
[TimeControl "2700+45"]

1. e4 c5 2. Nf3 Nc6 3. Nc3 g6 4. d4 cxd4 5. Nxd4 Bg7 6. Be3 Nf6 7. Qd2 Ng4 8.
O-O-O Nxe3 9. Qxe3 Nxd4 10. Rxd4 Bxd4 11. Qxd4 O-O 12. Nd5 f6 13. Bc4 e6 14. Ne3
a6 15. Ng4 b5 16. Bb3 Kg7 17. e5 f5 18. Nf6 Qe7 19. Rd1 Rd8 20. Rd3 d6 21. Qc4
bxc4 {White resigns} 0-1

[Event "Team 45 45 League T67"]
[Site "Internet Chess Club"]
[Date "2016.01.10"]
[Round "5"]
[White "artspir"]
[Black "Fogbound"]
[Result "0-1"]
[WhiteElo "1185"]
[BlackElo "1316"]
[Opening "Queen's bishop game"]
[ECO "D02"]
[Time "13:02:58"]
[TimeControl "2700+45"]

1. d4 Nf6 2. Nf3 d5 3. Bf4 Bf5 4. Nbd2 e6 5. c3 Nbd7 6. e3 Be7 7. Be2 O-O 8. O-O
c5 9. Re1 Ne4 10. Nxe4 Bxe4 11. Ne5 f6 12. Nxd7 Qxd7 13. Bg4 Bg6 14. h4 f5 15.
h5 Bf7 16. Bf3 Qd8 17. b3 Qa5 18. Qc2 Qd8 19. Be5 Bf6 20. g4 fxg4 21. Bxg4 Bxe5
22. dxe5 Qg5 23. f3 Bxh5 24. Kf2 Qh4+ 25. Ke2 Bg6 26. Bxe6+ Kh8 27. Rh1 Qg3 28.
Rxh7+ Bxh7 29. Rh1 Qg2+ 30. Kd1 Qxh1+ {White resigns} 0-1

[Event "Team 45 45 League T67"]
[Site "Internet Chess Club"]
[Date "2016.01.12"]
[Round "5"]
[White "LittleButton"]
[Black "lacibacsi"]
[Result "0-1"]
[WhiteElo "1885"]
[BlackElo "2052"]
[Opening "King's Indian: Torre attack"]
[ECO "A48"]
[Time "16:13:34"]
[TimeControl "2700+45"]

1. d4 Nf6 2. Nf3 g6 3. Bg5 Bg7 4. Nbd2 O-O 5. c3 d6 6. e4 h6 7. Bh4 g5 8. Bg3
Nh5 9. Be2 c5 10. d5 f5 11. exf5 Bxf5 12. Nc4 Nd7 13. Bd3 Bg4 14. Ncd2 Ne5 15.
Bxe5 dxe5 16. Qc2 Nf4 17. O-O-O e6 18. Bh7+ Kh8 19. dxe6 Bxe6 20. Nc4 Qc7 21.
Ne3 Qa5 22. a3 Nxg2 23. Nxg2 Rxf3 24. Be4 Rf7 25. Rd6 Rf6 26. Bd5 Bf5 {White
resigns} 0-1

[Event "Team 45 45 League T67"]
[Site "Internet Chess Club"]
[Date "2016.01.09"]
[Round "5"]
[White "THE-WARRIOR"]
[Black "hudson"]
[Result "0-1"]
[WhiteElo "1627"]
[BlackElo "1780"]
[Opening "King's Indian: orthodox, 7...Nbd7"]
[ECO "E94"]
[Time "23:00:29"]
[TimeControl "2700+45"]

1. d4 Nf6 2. c4 g6 3. Nf3 Bg7 4. Nc3 O-O 5. e4 d6 6. Be2 Nbd7 7. O-O e5 8. d5
Nc5 9. Nd2 a5 10. b3 Ne8 11. Bb2 f5 12. f3 Nf6 13. a3 Nh5 14. b4 axb4 15. axb4
Rxa1 16. Qxa1 Nd7 17. Qe1 Nf4 18. g3 Nxe2+ 19. Qxe2 Nf6 20. c5 Nh5 21. Bc1 Qe7
22. Qf2 Bd7 23. Nc4 Nf6 24. cxd6 cxd6 25. Qb6 fxe4 26. Qxd6 Qxd6 27. Nxd6 exf3
28. Rxf3 e4 29. Rf1 Bh3 30. Re1 Ng4 31. Ndxe4 Bd4+ 32. Kh1 Rf2 {White resigns}
0-1

[Event "Team 45 45 League T67"]
[Site "Internet Chess Club"]
[Date "2016.01.09"]
[Round "5"]
[White "Gojira"]
[Black "leopardc"]
[Result "0-1"]
[WhiteElo "1676"]
[BlackElo "1639"]
[Opening "Queen's pawn, Mason variation"]
[ECO "D00"]
[Time "07:00:17"]
[TimeControl "2700+45"]

1. d4 d5 2. Bf4 e6 3. e3 Nf6 4. Nd2 Bd6 5. Bg5 h6 6. Bh4 O-O 7. Ngf3 Nbd7 8. Bd3
c5 9. c3 c4 10. Bc2 Qb6 11. Rb1 Qc7 12. Bg3 Re8 13. a4 e5 14. Nxe5 Bxe5 15. dxe5
Nxe5 16. Nf3 Nxf3+ 17. Qxf3 Qe7 18. Rd1 Bg4 19. Qf4 Bxd1 20. Bxd1 Qe4 21. Qc7
Qxg2 {White resigns} 0-1

[Event "Team 45 45 League T67"]
[Site "Internet Chess Club"]
[Date "2016.01.08"]
[Round "5"]
[White "alexping"]
[Black "mejker"]
[Result "1/2-1/2"]
[WhiteElo "1934"]
[BlackElo "2012"]
[Opening "Queen's pawn game"]
[ECO "E61"]
[Time "12:12:44"]
[TimeControl "2700+45"]

1. d4 Nf6 2. Nf3 d6 3. c4 g6 4. Nc3 Bg7 5. h3 O-O 6. e4 Na6 7. Be3 e5 8. dxe5
dxe5 9. Qxd8 Rxd8 10. a3 c6 11. Be2 Nh5 12. O-O Nf4 13. Rfd1 Nxe2+ 14. Nxe2 Be6
15. b3 f6 16. Rac1 b6 17. Nd2 Rd7 18. Kf1 Rad8 19. Ke1 Bf8 20. Nb1 Nc5 21. Rxd7
Rxd7 22. Bxc5 Bxc5 23. Rc3 f5 24. f3 Be7 25. Nc1 Bg5 26. Nd3 fxe4 27. Nxe5 Rd6
28. Rc2 Bh4+ 29. Ke2 exf3+ 30. Nxf3 Bf5 31. Rc1 Bf6 32. c5 Re6+ 33. Kf2 b5 34.
Nc3 Re8 35. b4 Bd3 36. Rd1 Bc4 37. Rc1 Kg7 {Game drawn by mutual agreement}
1/2-1/2

[Event "Team 45 45 League T67"]
[Site "Internet Chess Club"]
[Date "2016.01.13"]
[Round "5"]
[White "CaptK"]
[Black "bobhill"]
[Result "1/2-1/2"]
[WhiteElo "1872"]
[BlackElo "1881"]
[Opening "QGD: classical variation (5.Bf4)"]
[ECO "D37"]
[Time "19:07:23"]
[TimeControl "2700+45"]

1. d4 d5 2. Nf3 Nf6 3. c4 e6 4. Nc3 Be7 5. Bf4 O-O 6. e3 b6 7. Bd3 dxc4 8. Bxc4
Bb7 9. O-O c5 10. dxc5 Bxc5 11. Qc2 Bxf3 12. gxf3 Nc6 13. Rfd1 Qe7 14. a3 Nh5
15. Qe4 Nxf4 16. Qxf4 Rad8 17. Ne4 a5 18. Nxc5 Qxc5 19. Rac1 Rxd1+ 20. Rxd1 b5
21. Ba2 Ne7 22. Qd6 Qg5+ 23. Qg3 Qf6 24. Bb1 Qxb2 25. Bxh7+ Kxh7 26. Qh4+ Kg8
27. Qxe7 Qf6 28. Qxf6 gxf6 29. Rd7 Rb8 30. Rd3 b4 31. axb4 Rxb4 32. Rd8+ Kg7 33.
Ra8 a4 34. Kg2 f5 35. Kg3 f6 36. f4 Kg6 37. h4 Rc4 38. Ra6 Re4 39. Ra8 e5 40.
Ra6 exf4+ 41. exf4 Rc4 42. f3 Rb4 43. Ra7 Rc4 44. Ra8 Kh5 45. Rh8+ Kg6 46. Ra8
Kh6 47. Rh8+ Kg7 48. Ra8 Rb4 49. Ra5 Kg6 50. Ra8 Rc4 {Game drawn by mutual
agreement} 1/2-1/2

[Event "Team 45 45 League T67"]
[Site "Internet Chess Club"]
[Date "2016.01.09"]
[Round "5"]
[White "kanishka"]
[Black "JefferyChess"]
[Result "0-1"]
[WhiteElo "1668"]
[BlackElo "1919"]
[Opening "Scotch gambit"]
[ECO "C21"]
[Time "13:01:29"]
[TimeControl "2700+45"]

1. e4 e5 2. d4 exd4 3. Bc4 Nc6 4. Nf3 Bc5 5. O-O d6 6. e5 dxe5 7. Nxe5 Nxe5 8.
Re1 Qe7 9. c3 dxc3 10. Bxf7+ Qxf7 11. Rxe5+ Be7 12. Nxc3 Bd7 13. Nd5 O-O-O 14.
Qc2 Bd6 15. Bf4 Nh6 16. Nxc7 Bxc7 17. Bg5 Rde8 18. Rc5 Bf5 19. Qc3 Be4 20. Rc1
Bc6 21. Rxc6 bxc6 22. Qxc6 Kb8 23. Be3 Re6 24. Qd5 Rd6 25. Qb5+ Bb6 26. h3 Qd7
27. Qb3 Rc8 28. Re1 Ka8 29. Bf4 Rd3 30. Qb4 Qd4 31. Qb5 Qxf2+ 32. Kh1 {White
resigns} 0-1

[Event "Team 45 45 League T67"]
[Site "Internet Chess Club"]
[Date "2016.01.10"]
[Round "5"]
[White "pokerram"]
[Black "Beetlejuice"]
[Result "1-0"]
[WhiteElo "1663"]
[BlackElo "1777"]
[Opening "Dutch with c4 & Nc3"]
[ECO "A85"]
[Time "14:00:41"]
[TimeControl "2700+45"]

1. d4 f5 2. c4 Nf6 3. Nc3 g6 4. h4 h6 5. Nh3 e6 6. Nf4 Kf7 7. h5 g5 8. Ng6 Rg8
9. d5 d6 10. f3 e5 11. e4 f4 12. Nxf8 Rxf8 13. b4 a5 14. b5 Bd7 15. Ba3 b6 16.
Ne2 Kg7 17. g4 fxg3 18. Nxg3 Qe8 19. Qe2 Qf7 20. O-O-O g4 21. Nf5+ Bxf5 22. exf5
Nxh5 23. Rxh5 Qxh5 24. fxg4 Qg5+ 25. Kb1 Nd7 26. Bc1 Qf6 27. Be3 Rh8 28. Bg2
Raf8 29. Be4 Rf7 30. Rg1 Qd8 31. g5 h5 32. f6+ Kf8 33. Bg6 Rg8 34. Bxf7 Kxf7 35.
Qxh5+ Kf8 36. Qh6+ Ke8 37. Rf1 Rf8 38. Qg6+ Rf7 39. Qg8+ Nf8 40. Qh8 Kd7 41.
Qh3+ Ke8 42. Qh5 Nd7 43. Qg6 Nf8 44. Qf5 Qd7 45. g6 Qxf5+ 46. Rxf5 Nxg6 47. Bg5
Ne7 48. Rf2 Ng6 49. Rh2 Kf8 50. Rh6 {Black resigns} 1-0